AoeStats
← яблоко

Arabia

507163120Analyzed
1v1 RM · 15d ago on Sep 16, 2026· 31m 21s· 2 players
Game mode
Random Map
Map size
Tiny (2 player)
Population
200
Speed
Normal
Resources
Standard
Victory
Conquest
Starting age
Dark Age
Ending age
Imperial Age
RankedLock teamsTeams togetherTeam positionsShared explorationLock speedFull tech treeHidden civsTurbo modeCheats
Victory
Defeat
🇺🇸 Poles · United States
999
+15
🇦🇷 Koreans · Argentina
988
-15
ChXavier
6:56 Loom
10:08 Feudal Age
11:20 Double-Bit Axe
11:04 Man-at-Arms
15:12 Fletching
18:20 Wheelbarrow
18:15 Scale Mail Armor
19:22 Forging
19:41 Town Watch
21:03 Arson
27:40 Castle Age
28:02 Crossbowman
28:53 Husbandry
29:12 Scale Barding Armor
29:26 Gold Mining
яблоко
7:40 Loom
10:02 Feudal Age
11:38 Wheelbarrow
11:13 Double-Bit Axe
12:28 Horse Collar
21:19 Castle Age
20:05 Scale Barding Armor
21:28 Bloodlines
22:35 Town Watch
Connection lost

Rejoining the realm…

Still unreachable

The connection could not be restored.

Session expired

The server has moved on; the page needs a fresh start.